Map: Dusk Towers

Players

LilDicky - Winner!

  • Race: Terran Terran
  • League: Diamond

IIIIIIIIIIII

  • Race: Zerg Zerg
  • League: Platinum

VOD

http://www.twitch.tv/tumescentpie

Description

Time

  • Played on: Dec. 7, 2015, 4:11 p.m.
  • Length: 7:12
Show
View Real Time Build Order
Export as new Build Order

LilDicky Terran - Winner!

Build Orders: Liberator Opening, Mech 

Get SALT Encoding   

  12  0:02  SCV  
  14  0:14  SCV  
  14  0:18  Supply Depot  
  14  0:26  SCV  
  15  0:39  SCV  
  15  0:40  Refinery  
  16  0:44  Barracks  
  16  0:52  SCV  
  17  1:04  SCV  
  18  1:16  SCV  
  19  1:28  SCV  
  19  1:31  Marine  
  19  1:32  Supply Depot  
  21  1:41  Orbital Command  
  21  1:42  Factory  
  21  1:46  Refinery  
  21  1:49  Marine  
  22  2:07  SCV, Marine  
  24  2:09  Supply Depot  
  24  2:23  SCV  
  24  2:25  Marine  
  26  2:32  Starport  
  26  2:40  Armory  
  26  2:42  SCV  
  28  2:55  Factory Tech Lab  
  27  2:59  Barracks Reactor  
  27  3:00  SCV  
  27  3:05  Supply Depot  
  28  3:12  SCV  
  29  3:24  SCV  
  29  3:26  Thor  
  36  3:34  Marine  
  37  3:36  Medivac  
  37  3:41  SCV  
  40  3:49  Liberator  
  40  3:52  Command Center  
  40  3:55  SCV, Marine  
  40  3:56  Supply Depot  
  42  4:09  SCV  
  46  4:17  Marine  
  46  4:21  SCV  
  48  4:33  Supply Depot  
  48  4:35  Marine  
  49  4:42  Siege Tank  
  52  4:49  Liberator  
  52  4:53  Marine  
  57  5:07  SCV  
  57  5:10  Orbital Command  
  57  5:11  Refinery, Marine  
  58  5:17  Siege Tank  
  58  5:19  SCV  
  58  5:21  Refinery  
  60  5:28  Marine  
  55  6:03  SCV x2  
  56  6:24  Marine  
  57  6:26  Thor  
  63  6:34  Factory  
  63  6:35  Factory  
  63  6:37  SCV  
  64  6:42  Marine  
Show
View Real Time Build Order
Export as new Build Order

IIIIIIIIIIII Zerg 

Build Orders: Hatch First 

Get SALT Encoding   

  12  0:01  Drone  
  13  0:08  Drone  
  14  0:34  Hatchery  
  13  0:37  Drone  
  14  0:54  Spawning Pool  
  13  0:58  Drone  
  14  1:05  Overlord  
  14  1:23  Drone x3  
  17  1:41  Queen  
  17  1:42  Overlord  
  17  1:45  Zergling x2  
  20  1:50  Queen  
  22  1:58  Overlord  
  22  2:03  Drone  
  23  2:08  Zergling x2  
  23  2:11  Drone  
  23  2:15  Drone, Extractor  
  25  2:20  Drone  
  25  2:21  Drone  
  27  2:31  Drone x2  
  29  2:44  Drone x2  
  31  2:55  Overlord  
  31  2:58  Roach Warren  
  30  3:00  Overlord x2  
  30  3:01  Drone  
  30  3:02  Drone  
  30  3:05  Drone  
  33  3:12  Drone x2  
  35  3:22  Drone  
  35  3:23  Drone  
  37  3:31  Drone x3, Extractor  
  37  3:33  Drone  
  40  3:41  Drone x4  
  44  3:51  Drone x2  
  46  3:56  Hatchery  
  46  3:58  Drone x2  
  47  4:02  Overlord  
  47  4:03  Overlord  
  47  4:04  Roach  
  47  4:09  Lair  
  49  4:13  Roach, Extractor  
  50  4:17  Roach  
  50  4:18  Roach  
  54  4:25  Roach x2  
  54  4:26  Evolution Chamber  
  54  4:27  Roach  
  54  4:30  Roach  
  60  4:33  Roach  
  61  4:39  Roach x2  
  61  4:40  Roach  
  61  4:45  Roach x2  
  68  5:08  Queen  
  68  5:12  Drone  
  68  5:13  Queen  
  68  5:14  Drone x7, Hydralisk Den  
  74  5:15  Drone  
  78  5:29  Drone x3  
  74  5:39  Queen  
  66  5:44  Hydralisk  
  66  5:45  Hydralisk  
  66  5:46  Hydralisk  
  45  6:07  Drone x2  
  45  6:08  Drone x3  
  45  6:09  Drone x2  
  45  6:10  Roach  
  45  6:11  Roach  
  48  6:20  Roach  
  48  6:24  Hydralisk  
  52  6:28  Hydralisk  
Tags
 
Add a new tag
Caveats
  • Supply blocks, unpowered buildings, or Contaminate may cause inaccurate times.
  • Supply counts are checked every 10 seconds.